 Dungeon Crawl Stone Soup version 0.26-a0-854-gdc81c2f471 (webtiles) character file.

Game seed: 123765100528630497

65 Descartes the Sneak (level 3, -1/17 HPs)
             Began as a Felid Delver on Nov 22, 2020.
             Slain by an adder (2 damage)
             ... on level 3 of the Dungeon.
             The game lasted 00:01:58 (932 turns).

Descartes the Sneak (Felid Delver)                   Turns: 932, Time: 00:01:58

Health: -1/17      AC:  1    Str:  9    XL:     3   Next: 94%
Magic:  4/4        EV: 20    Int: 11    God:
Gold:   54         SH:  0    Dex: 17    Spells: 2/2 levels left
                                        Lives:  0   Deaths: 0

rFire    . . .     SeeInvis +     - Unarmed
rCold    . . .     Faith    .   (shield unavailable)
rNeg     . . .     Spirit   .   (armour unavailable)
rPois    .         Reflect  .   (helmet unavailable)
rElec    .         Harm     .   (cloak unavailable)
rCorr    .         Rampage  .   (gloves unavailable)
MR       .....                  (boots unavailable)
Stlth    ++++......             (no amulet)
HPRegen  0.05/turn              (no ring)
MPRegen  0.09/turn              (no ring)

@: quick
A: very small, no armour, no weapons or thrown items, stealth, claws 1, fangs 3,
see invisible, speed 1, shaggy fur 1, sharp paws
a: no special abilities


You were on level 3 of the Dungeon.
You visited 1 branch of the dungeon, and saw 4 of its levels.

You collected 54 gold pieces.

Inventory:

Jewellery
 i - an uncursed amulet of reflection {unknown}
Wands
 e - a wand of digging (3)
Scrolls
 a - a scroll of fog
 b - a scroll of magic mapping
 c - a scroll of fear
 g - a scroll of identify {unknown}
 h - a scroll of noise {unknown}
Potions
 d - a potion of haste
 f - a potion of curing {unknown}


   Skills:
 - Level 3.0 Fighting
 + Level 4.4 Dodging
 + Level 7.7 Stealth
 - Level 2.0 Unarmed Combat


You had 2 spell levels left.
You didn't know any spells.
Your spell library was empty.

Dungeon Overview and Level Annotations

Branches:
Dungeon (5/15)
 Temple: D:4-7

Altars:
Cheibriados
Makhleb
Okawaru
Zin

Annotations:
D:4 Natasha
D:5 Edmund


Innate Abilities, Weirdness & Mutations

You cannot wear armour.
You are incapable of wielding weapons or throwing items.
Your paws allow you to move quietly. (Stealth)
You have sharp claws.
You have razor-sharp teeth.
You have supernaturally acute eyesight. (SInv)
You cover ground quickly.
You are covered in fur. (AC +1)
Your sharp claws are effective at attacking unaware monsters.


Message History

Found a spear.
Found a stone staircase leading down.
The orc wizard mumbles some strange words.
The orc wizard flickers and vanishes for a moment.
Found a short sword and a thick copper amulet.
You see here a thick copper amulet.
i - a thick copper amulet The kobold completely misses you.
There is a stone staircase leading down here.
A leopard gecko comes into view.
An adder comes into view.
The leopard gecko hisses angrily.
The adder hisses angrily.
The adder misses you.
You scratch the adder but do no damage. The adder closely misses you.
The leopard gecko misses you. The adder closely misses you.
You scratch the adder but do no damage. The leopard gecko bites you.
The orc hits you with a +0 flail of protection.
* * * LOW HITPOINT WARNING * * *
The adder bites you.
You die...

#.#...o...# #.#....o..#
#.#)......#
#.#.....oo#######
#.#....>.o.Ko...#######
#.#############K......#
#.# #o......# #.#
#o......# #.# #@l.....#
#.# #S......#
#.#############.......#
#.............#.......+
#############.#.......#
#.#.#+##### #.#.# #.#.#
#.#.#


You could see an adder, 2 orcs, a leopard gecko and a kobold.

Vanquished Creatures
  A centaur skeleton (D:4)
  A worker ant (D:4)
  An adder skeleton (D:4)
  A worm (D:3)
  2 giant cockroaches
  A hobgoblin (D:3)
  A quokka (D:3)
  A leopard gecko zombie (D:5)
  A quokka zombie (D:5)
10 creatures vanquished.

Vanquished Creatures (others)
  A plant (D:4)
1 creature vanquished.

Grand Total: 11 creatures vanquished

Notes
Turn   | Place    | Note
-------+----------+-------------------------------------------
     0 | D:5      | Descartes the Felid Delver began the quest for the Orb.
     0 | D:5      | Reached XP level 1. HP: 10/10 MP: 2/2
   165 | D:5      | Noticed Edmund
   188 | D:4      | Noticed a worker ant
   193 | D:4      | Killed a worker ant
   194 | D:4      | Reached skill level 7 in Stealth
   194 | D:4      | Reached XP level 2. HP: 2/14 MP: 3/3
   491 | D:4      | Reached XP level 3. HP: 8/17 MP: 4/4
   655 | D:4      | Noticed Natasha
   683 | D:2      | Found an iron altar of Okawaru.
   683 | D:2      | Found a glowing silver altar of Zin.
   683 | D:2      | Found a burning altar of Makhleb.
   683 | D:2      | Found a snail-covered altar of Cheibriados.
   932 | D:3      | Slain by an adder

Illustrated notes

Levels and vault maps discovered:
D:2:      layout_rooms, nicolae_overflow_hidden_temple,
          nicolae_gozag_cash_rules_everything_around_me,
          kennysheep_cluttered_room, chequers_avenue, elyvilon_altar_3
D:3:      layout_basic
D:4:      cheibrodos_old_hovel, layout_cave_pools, serial_shops, shop,
          uniq_duvessa, uniq_blork_the_orc, uniq_natasha
D:5:      layout_loops_ring, uniq_edmund

Skill      XL: |  1  2 |
---------------+-------+-----
Dodging        | 3 4 |  4.4
Stealth        | 7 |  7.7
Fighting       | |  3.0
Unarmed Combat | |  2.0

Action                   || total
-------------------------++-------
Melee: Unarmed           ||    31
       Bite              ||     2
 Stab: Sleeping          ||     7
Dodge: Dodged            ||    25

Table legend: (Time is in decaauts)
 A = Elapsed time spent in this place.
 B = Non-inter-level travel time spent in this place.
 C = Inter-level travel time spent in this place.
 D = Time resting spent in this place.
 E = Time spent auto-exploring this place.
 F = Levels seen in this place.
 G = Mean time per level.
                   A        B        C        D        E       F      G
               +--------+--------+--------+--------+--------+-----+--------+
         Total |    850 |    850 |      0 |    438 |    185 |   4 |  212.5 |
       Dungeon |    850 |    850 |      0 |    438 |    185 |   4 |  212.5 |
               +--------+--------+--------+--------+--------+-----+--------+

Top non-repeatable levels by time:
     D:4: 466 daAuts
     D:3: 209 daAuts
     D:5: 161 daAuts
     D:2: 13 daAuts
